 Dungeon Crawl Stone Soup version 0.26.0-45-g9c1d065592 (webtiles) character file.

Game seed: 4677554901291569697

(classic levelgen) 21 thiole the Stinger (level 2, -2/19 HPs)
             Began as an Octopode Venom Mage on Jan 30, 2021.
             Slain by a hornet zombie (6 damage)
             ... on level 2 of the Dungeon.
             The game lasted 00:01:45 (816 turns).

thiole the Stinger (Octopode Venom Mage)             Turns: 816, Time: 00:01:46

Health: -2/19      AC:  1    Str:  7    XL:     2   Next: 87%
Magic:  5/5        EV: 13    Int: 17    God:
Gold:   36         SH:  0    Dex: 12    Spells: 4/5 levels left

rFire    . . .     SeeInvis .   a - +1 short sword (drain)
rCold    . . .     Faith    .   (no shield)
rNeg     . . .     Spirit   .   (helmet restricted)
rPois    .         Reflect  .   (no amulet)
rElec    .         Harm     .   (no ring)
rCorr    .         Rampage  .   (no ring)
Will     .....                  (no ring)
Stlth    +++.......             (no ring)
HPRegen  0.06/turn              (no ring)
MPRegen  0.09/turn              (no ring)
                                (no ring)
                                (no ring)

@: no status effects
A: almost no armour, stealthy swim, amphibious, 8 rings, constrict 8, camouflage
1, gelatinous body 1
a: no special abilities


You were on level 2 of the Dungeon.
You visited 1 branch of the dungeon, and saw 2 of its levels.

You collected 36 gold pieces.

Inventory:

Hand Weapons
 a - a +1 short sword of draining (weapon)
Missiles
 b - 22 stones


   Skills:
 - Level 2.0 Fighting
 - Level 2.0 Dodging
 - Level 2.6 Stealth
 - Level 2.0 Spellcasting
 + Level 0.1 Conjurations
 + Level 1.0 Transmutations
 - Level 4.0 Poison Magic


You had 4 spell levels left.
You knew the following spells:

 Your Spells              Type           Power        Failure   Level
a - Sting                 Tmut/Pois      40%          7%          1

Your spell library contained the following spells:

 Spells                   Type           Power        Failure   Level
 Poisonous Vapours        Pois/Air       16%          13%         2
 Ignite Poison            Fire/Tmut/Pois 7%           28%         3
 Mephitic Cloud           Conj/Pois/Air  6%           32%         3
 Olgreb's Toxic Radiance  Pois           15%          36%         4


Dungeon Overview and Level Annotations

Branches:
Dungeon (1/15)

Altars:


Innate Abilities, Weirdness & Mutations

You cannot wear most types of armour.
You are very stealthy in the water. (Stealth+)
You are amphibious.
You can wear up to eight rings at the same time.
You can use your tentacles to constrict eight enemies at once.
Your skin changes colour to match your surroundings (Stealth+).
Your rubbery body absorbs attacks. (AC +1, EV +1)


Message History

You hit the hornet zombie.
The hornet zombie is lightly damaged.
You constrict the hornet zombie. The hornet zombie barely misses you.
You hit the hornet zombie. You squeeze the hornet zombie.
The hornet zombie is moderately damaged.
You constrict the hornet zombie, but do no damage.
The hornet zombie closely misses you.
You hit the hornet zombie but do no damage.
The hornet zombie is moderately damaged.
You constrict the hornet zombie. The hornet zombie misses you.
The hornet zombie hits you!
* * * LOW HITPOINT WARNING * * *
You barely miss the hornet zombie.
The hornet zombie is moderately damaged.
You constrict the hornet zombie. The hornet zombie misses you.
You hit the hornet zombie.
The hornet zombie is moderately damaged.
You constrict the hornet zombie, but do no damage.
The hornet zombie hits you.
You die...

#...........#
#.[.........#
#......)....#
##.###.######
############.# #.#
.†...........###.#
.###########...#.#
..# #.#.#Z# #.#
#.#.#@# #.#
#.#†<.# ..#
#.#...# ###
#.#...# #.##.##
#.##.# #....#
####.# #.#


You could see a hornet zombie.

Vanquished Creatures
  An ooze (D:2)
  A leopard gecko (D:2)
  A giant cockroach (D:1)
  2 hobgoblins (D:2)
  3 jackals (D:2)
  2 kobolds (D:2)
  2 quokkas (D:2)
  2 frilled lizards (D:2)
14 creatures vanquished.

Notes
Turn   | Place    | Note
-------+----------+-------------------------------------------
     0 | D:1      | thiole the Octopode Venom Mage began the quest for the Orb.
     0 | D:1      | Reached XP level 1. HP: 11/11 MP: 3/3
    17 | D:1      | You fall into a shaft and drop 1 floor!
    51 | D:2      | Reached skill level 4 in Poison Magic
   359 | D:2      | Reached skill level 1 in Fighting
   359 | D:2      | Reached XP level 2. HP: 6/18 MP: 1/5
   816 | D:2      | Slain by a hornet zombie

Illustrated notes

Levels and vault maps discovered:
D:1:      eino_arrival_water_star, layout_rooms
D:2:      layout_basic, lemuel_crystal_altar, old_standard_altar

Skill      XL: |  1  2 |
---------------+-------+-----
Poison Magic   | 4 |  4.0
Fighting       | 1 2 |  2.0
Dodging        | |  2.0
Stealth        | |  2.6
Spellcasting   | |  2.0
Conjurations   | |  0.1
Transmutations | |  1.0

Action                   || total
-------------------------++-------
Melee: Short sword       ||    24
       Unarmed           ||     5
       Constrict         ||     7
       Tentacles         ||     2
 Cast: Sting             ||    11
 Stab: Sleeping          ||     4
Armor: Skin              ||     1
Dodge: Dodged            ||    17
